 Dungeon Crawl Stone Soup version 0.25.1-2-g60ff931df9 (webtiles) character file.

Game seed: 16085543440045384928

3248 Peloso the Blocker (level 9, -6/78 HPs)
             Began as a Minotaur Fighter on Aug 26, 2020.
             Was a Follower of Okawaru.
             Mangled by a large abomination (20 damage)
             ... on level 1 of the Abyss.
             The game lasted 00:18:27 (7754 turns).

Peloso the Blocker (Minotaur Fighter)               Turns: 7754, Time: 00:18:28

Health: -6/78      AC: 12    Str: 28    XL:     9   Next: 67%
Magic:  0/8        EV:  9    Int:  5    God:    Okawaru [*.....]
Gold:   478        SH: 13    Dex: 12    Spells: 8/8 levels left

rFire    x . .     SeeInvis .   a - +0 long sword
rCold    + . .     Gourm    .   c - +1 kite shield
rNeg     . . .     Faith    .   w - +0 chain mail
rPois    .         Spirit   +   (helmet restricted)
rElec    .         Reflect  .   m - +0 cloak
rCorr    .         Harm     .   (no gloves)
MR       .....                  (no boots)
Stlth    ..........             x - amulet of guardian spirit
HPRegen  0.23/turn              q - ring of ice
MPRegen  0.11/turn              p - +6 ring of strength

@: no status effects
A: retaliatory headbutt, horns 2
a: Heroism, Renounce Religion


You were on level 1 of the Abyss.
You worshipped Okawaru.
Okawaru was aware of your devotion.
You were hungry.

You visited 2 branches of the dungeon, and saw 9 of its levels.
You visited the Abyss 1 time.
You also visited: Sewer.

You collected 478 gold pieces.

Inventory:

Hand Weapons
 a - a +0 long sword (weapon)
 b - the +7 great mace "Firestarter" {inner flame, rF++}
   (You found it on level 7 of the Dungeon)

   It has been specially enchanted to burn those struck by it, causing extra
   injury to most foes and up to half again as much damage against particularly
   susceptible opponents.
   It greatly protects you from fire.
Missiles
 y - 27 bolts
Armour
 c - a +1 kite shield (worn)
 g - a +0 scale mail
 m - a +0 cloak (worn)
 w - a +0 chain mail (worn)
Jewellery
 e - an uncursed ring of resist corrosion
 n - an uncursed amulet of the acrobat
 o - an uncursed amulet of regeneration
 p - a +6 ring of strength (right hand)
 q - a ring of ice (left hand)
 r - a +4 ring of evasion
 x - an amulet of guardian spirit (around neck)
Wands
 u - a wand of digging (6)
Scrolls
 d - a scroll of remove curse
 h - 4 scrolls of identify
 s - 6 scrolls of teleportation
 v - 2 scrolls of fear
 F - a scroll of blinking {unknown}
 G - a scroll of immolation
Potions
 i - a potion of might
 j - 2 potions of ambrosia
 k - 6 potions of flight
 l - 3 potions of curing
 t - a potion of magic
 z - a potion of berserk rage {unknown}
 A - a potion of brilliance {unknown}
 B - a potion of invisibility {unknown}
 C - a potion of heal wounds {unknown}
 D - a potion of mutation {unknown}
Comestibles
 f - 17 rations


   Skills:
 + Level 6.7 Fighting
 + Level 9.4 Long Blades
 + Level 8.3 Armour
 + Level 3.4 Dodging
 + Level 0.4 Stealth
 + Level 9.6 Shields
 + Level 0.1 Invocations
 + Level 0.3 Evocations


You had 8 spell levels left.
You didn't know any spells.
Your spell library was empty.

Dungeon Overview and Level Annotations

Branches:
Dungeon (8/15)             Temple (1/1) D:6           Sewer (visited)
   Lair: D:8-11

Altars:
Ashenzari
Dithmenos
Gozag
Hepliaklqana
Kikubaaqudgha
Nemelex Xobeh
Okawaru
Ru
Sif Muna
Uskayaw
Wu Jian
Xom
Yredelemnul
The Shining One

Annotations:
D:3 1 runed translucent door, Scud's ghost, amateur HaHu
D:7 1 runed translucent door, Jujuru's ghost, novice DsFi
D:8 Psyche


Innate Abilities, Weirdness & Mutations

You reflexively headbutt those who attack you in melee.
You have a pair of horns on your head.


Message History

The large abomination is severely damaged.
The iron imp hits you.
* * * LOW HITPOINT WARNING * * *
You block the large abomination's attack.
Unknown command.
You feel better. The iron imp barely misses you.
You riposte.
You hit the iron imp.
You kill the iron imp!
Okawaru accepts your kill.
You block the large abomination's attack.
You hit the large abomination but do no damage.
The large abomination is severely damaged.
The large abomination closely misses you.
You furiously retaliate!
You headbutt the large abomination, but do no damage.
Unknown command.
You slash the large abomination!
The large abomination is almost destroyed.
The large abomination hits you!!
You die...

..... ....# . #
....##..
####.#.... #
.###........#
..............#
.....#$.......#
#....@......#
#.#..X##'##..#
#..# #.# ....
#.# #... ..
..... . ...
.... ...≈ .#
.... .. ....
.#.. . .


You could see a large abomination.

Vanquished Creatures
  Pikel (D:4)
  Joseph (D:8)
  Maggie (D:7)
  Grinder (D:4)
  Menkaure (D:7)
  Duvessa (D:7)
  2 sky beasts
  4 slaves
  An ogre (D:6)
  A bullfrog (D:8)
  Dowan (D:7)
  A scorpion (D:5)
  3 crimson imps
  2 jellies (D:5)
  4 orc priests
  9 hounds
  An iron imp (Abyss:1)
  4 orc wizards
  2 iguanas (D:4)
  7 worker ants
  Natasha (D:3)
  A merfolk avatar (Sewer)
  2 merfolk sirens (Sewer)
  A hound zombie (D:4)
  A worker ant zombie (D:8)
  6 gnolls
  11 adders
  A shadow imp (D:7)
  An ooze (D:6)
  A worm (D:4)
  4 dart slugs
  3 leopard geckos
  18 orcs
  9 bats
  5 giant cockroaches
  12 goblins
  5 hobgoblins
  5 jackals
  3 quokkas
  5 ball pythons
  9 frilled lizards
  7 kobolds
  A leopard gecko skeleton (D:4)
  A quokka skeleton (D:4)
  39 rats
200 creatures vanquished.

Notes
Turn   | Place    | Note
-------+----------+-------------------------------------------
     0 | D:1      | Peloso the Minotaur Fighter began the quest for the Orb.
     0 | D:1      | Reached XP level 1. HP: 19/19 MP: 0/0
   214 | D:1      | Reached XP level 2. HP: 22/26 MP: 1/1
   573 | D:1      | Reached XP level 3. HP: 33/33 MP: 2/2
  1282 | D:2      | Found an ancient bone altar of Kikubaaqudgha.
  1285 | D:2      | Found a sparkling altar of Nemelex Xobeh.
  1285 | D:2      | Found a basalt altar of Yredelemnul.
  1303 | D:2      | Found a hide-covered altar of Uskayaw.
  1809 | D:2      | Reached XP level 4. HP: 40/40 MP: 3/3
  1873 | D:3      | Reached skill level 1 in Dodging
  2141 | D:3      | Found a runed translucent door.
  2141 | D:3      | Noticed Scud's ghost (amateur HaHu)
  2274 | D:3      | Reached XP level 5. HP: 46/46 MP: 4/4
  2531 | D:4      | Reached skill level 5 in Long Blades
  2556 | D:4      | Noticed Grinder
  2699 | D:4      | Paralysed by Grinder for 3 turns
  2708 | D:4      | Paralysed by Grinder for 7 turns
  2723 | D:4      | Killed Grinder
  2723 | D:4      | Reached skill level 5 in Armour
  2723 | D:4      | Reached skill level 5 in Shields
  2723 | D:4      | Reached XP level 6. HP: 15/53 MP: 5/5
  3107 | D:4      | Noticed a slave
  3138 | D:4      | Killed a slave
  3165 | D:4      | Noticed a slave
  3165 | D:4      | Noticed a slave
  3165 | D:4      | Noticed a slave
  3166 | D:4      | Noticed Pikel
  3181 | D:4      | Noticed Natasha
  3207 | D:3      | Killed a slave
  3215 | D:3      | Killed a slave
  3240 | D:3      | Killed Natasha
  3244 | D:3      | Killed a slave
  3272 | D:4      | Killed Pikel
  3272 | D:4      | Reached XP level 7. HP: 58/60 MP: 6/6
  3428 | D:4      | Reached skill level 5 in Fighting
  3574 | D:5      | Entered Level 5 of the Dungeon
  3585 | D:5      | Reached XP level 8. HP: 66/68 MP: 7/7
  3626 | D:5      | Found a glowing drain.
  3649 | Sewer    | Entered a sewer
  5119 | D:6      | Found a glowing golden altar of the Shining One.
  5301 | D:6      | Found a staircase to the Ecumenical Temple.
  5308 | Temple   | Entered the Ecumenical Temple
  5347 | Temple   | Became a worshipper of Warmaster Okawaru
  6129 | D:7      | Noticed Maggie
  6146 | D:7      | Killed Maggie
  6146 | D:7      | Reached XP level 9. HP: 55/75 MP: 5/8
  6499 | D:7      | Noticed Duvessa
  6499 | D:7      | Noticed Dowan
  6516 | D:7      | Killed Duvessa
  6524 | D:7      | Killed Dowan
  6524 | D:7      | Reached * piety under Okawaru
  6859 | D:7      | Found a runed translucent door.
  6859 | D:7      | Found a shimmering altar of Xom.
  6859 | D:7      | Noticed Jujuru's ghost (novice DsFi)
  6859 | D:7      | Noticed a +0 war axe of chaos
  6887 | D:7      | Found the +7 great mace "Firestarter" {inner flame, rF++}
  6934 | D:7      | Noticed Menkaure
  6937 | D:7      | Killed Menkaure
  7612 | D:8      | Noticed Joseph
  7614 | D:8      | Noticed a two-headed ogre
  7618 | D:8      | Noticed Psyche
  7633 | D:8      | Killed Joseph
  7640 | D:8      | Cast into level 1 of the Abyss (Psyche)
  7739 | Abyss:1  | Noticed a large abomination
  7754 | Abyss:1  | Mangled by a large abomination

Illustrated notes

Levels and vault maps discovered:
D:1:      mrwooster_arrival_statue, layout_basic, corexii_hall_statues_i
D:2:      layout_basic, grunt_temple_overflow_open
D:3:      layout_rooms, ebering_ghost_reflecting_pool
D:4:      minmay_evil_eye, layout_cave_pools, uniq_natasha, uniq_grinder,
          uniq_pikel
D:5:      layout_rooms, portal_sewer_entry_a, first_ration
D:6:      layout_basic, temple_statues, serial_co_window_serial,
          co_window_paths_a, co_window_corner_a, co_window_of_opportunity_a,
          co_window_paths_a, co_window_corner_a, co_window_paths_c,
          co_window_cross_4, co_window_of_opportunity_c, co_window_corner_b,
          co_window_unsneaky_path_e, co_window_2corner, basic_altar,
          minivault_23, minmay_misc_feat_pillars
D:7:      layout_cave_pods, ebering_ghost_xom, kennysheep_generic_room_4,
          uniq_duvessa, uniq_menkaure, uniq_maggie
D:8:      layout_basic, uniq_prince_ribbit1, uniq_erica, uniq_psyche,
          uniq_joseph
Temple:   hc_temple_tempest_star
Abyss:1:  base:
D:14

Skill      XL: |  1  2  3  4  5  6  7  8  9 |
---------------+----------------------------+-----
Armour         | 4 5 6 7 8 |  8.3
Shields        | 4 5 6 8 9 |  9.6
Long Blades    | 3 4 5 6 8 9 |  9.4
Fighting       | 4 5 6 |  6.7
Dodging        | 1 2 3 |  3.4
Stealth        | |  0.4
Invocations    | |  0.1
Evocations     | |  0.3

Action                   |  1- 3 |  4- 6 |  7- 9 || total
-------------------------+-------+-------+-------++-------
Melee: Long sword        |   111 |   157 |   343 ||   611
       Headbutt          |    14 |    29 |    68 ||   111
Invok: Heroism           |       |       |     2 ||     2
Evoke: Wand              |       |     2 |     1 ||     3
  Use: Scroll            |     4 |     4 |     5 ||    13
       Potion            |     1 |     1 |     5 ||     7
  Eat: Chunk             |     3 |     5 |    14 ||    22
Armor: Scale mail        |    47 |    17 |       ||    64
       Chain mail        |       |    40 |   134 ||   174
Dodge: Dodged            |    35 |    48 |    80 ||   163
Block: Kite shield       |    69 |    88 |   221 ||   378
       Rpst.: Long sword |    10 |    14 |    22 ||    46
